 Dungeon Crawl Stone Soup version 0.24.0-13-gcf9b319 (webtiles) character file.

Game seed: 2700296732415292182, levelgen mode: deterministic

34546 Bronimir the Spear-Bearer (level 13, 0/95 HPs)
             Began as a Demonspawn Venom Mage on Mar 30, 2020.
             Was a High Priest of Makhleb.
             Slain by a ten-headed hydra (13 damage)
             ... on level 5 of the Lair of Beasts.
             The game lasted 01:06:00 (19891 turns).

Bronimir the Spear-Bearer (Demonspawn Venom Mage)  Turns: 19891, Time: 01:06:01

Health: 0/95       AC: 13    Str: 12    XL:     13   Next: 42%
Magic:  0/25       EV: 19    Int: 18    God:    Makhleb [*****.]
Gold:   850        SH:  0    Dex: 20    Spells: 9/29 levels left

rFire    . . .     SeeInvis .   i - +3 great sword of World Downfall {freeze, MR+} (curse)
rCold    + . .     Gourm    .   (shield currently unavailable)
rNeg     . . .     Faith    .   L - +3 leather armour {rC+}
rPois    .         Spirit   +   C - +2 helmet
rElec    .         Reflect  .   (no cloak)
rCorr    .         Harm     .   j - +0 pair of gloves
MR       +....                  r - +1 pair of boots
Stlth    ++++......             k - amulet of guardian spirit
HPRegen  0.25/turn              u - +5 ring of evasion
MPRegen  0.19/turn              f - ring of wizardry

@: hasted, very quick
A: talons 2, thin skeletal structure 3, demonic guardian 1, spiny 1
a: Minor Destruction, Lesser Servant of Makhleb, Major Destruction, Greater
Servant of Makhleb, Renounce Religion


You were on level 5 of the Lair of Beasts.
You worshipped Makhleb.
Makhleb was extremely pleased with you.
You were not hungry.

You visited 3 branches of the dungeon, and saw 17 of its levels.

You collected 850 gold pieces.

Inventory:

Hand Weapons
 a - a +4 halberd of protection
 b - a +0 shortbow
 i - the cursed +3 great sword of World Downfall (weapon) {freeze, MR+}
   (You found it on level 3 of the Lair of Beasts)

   It has been specially enchanted to freeze those struck by it, causing extra
   injury to most foes and up to half again as much damage against particularly
   susceptible opponents.
   It can also slow down cold-blooded creatures.
   It affects your resistance to hostile enchantments.
   It has a curse placed upon it.
 m - a +2 trident of flaming
 t - the +8 whip "Snakebite" {curare, rPois}
   (You found it on level 3 of the Lair of Beasts)

   It poisons the flesh of those it strikes.
   It protects you from poison.
Missiles
 e - 463 stones (quivered)
 l - 91 bolts
 o - 227 arrows
 G - 11 boomerangs
 J - 178 sling bullets
Armour
 j - a +0 pair of gloves (worn)
 p - a +2 robe of cold resistance
 r - a +1 pair of boots (worn)
 v - a +0 buckler
 w - the +10 large shield of Ignorance {rN+ Int-4}
   (You found it on level 4 of the Lair of Beasts)

   It affects your intelligence (-4).
   It protects you from negative energy.
 C - a +2 helmet (worn)
 L - a +3 leather armour of cold resistance (worn)
Magical Staves
 d - an uncursed staff of death
 s - an uncursed staff of cold
 U - an uncursed staff of summoning
Jewellery
 f - a ring of wizardry (right hand)
 k - an amulet of guardian spirit (around neck)
 u - a +5 ring of evasion (left hand)
 P - an uncursed ring of positive energy
 S - an uncursed ring of protection from cold
Wands
 g - a wand of random effects (15)
 y - a wand of paralysis (16)
 I - a wand of acid (16)
 M - a wand of digging (4)
 O - a wand of iceblast (20)
Scrolls
 n - 2 scrolls of teleportation
 x - 3 scrolls of identify
 N - 2 scrolls of amnesia
Potions
 h - 3 potions of might
 q - a potion of magic
 E - a potion of curing
 F - a potion of brilliance {unknown}
 Q - 2 potions of lignification {unknown}
 V - a potion of cancellation {unknown}
Comestibles
 c - 23 rations
 z - 2 chunks of flesh


   Skills:
 * Level 6.7 Fighting
 + Level 1.6 Long Blades
   Level 0.7(6.9) Axes
 + Level 10.8 Polearms
 + Level 2.0 Bows
 + Level 7.2 Armour
 + Level 4.3 Dodging
 - Level 2.2 Stealth
 * Level 2.4 Shields
 * Level 8.7 Spellcasting
 + Level 4.5 Conjurations
 + Level 4.4 Air Magic
 * Level 9.1 Poison Magic
 * Level 9.7 Invocations
 * Level 1.8 Evocations


You had 9 spell levels left.
You knew the following spells:

 Your Spells              Type           Power        Failure   Level  Hunger
a - Sting                 Conj/Pois      ####         1%          1    None
b - Poisonous Vapours     Pois/Air       ####..       1%          2    None
c - Mephitic Cloud        Conj/Pois/Air  ####....     1%          3    None
d - Olgreb's Toxic Radia  Pois           #####...     1%          4    ###....
e - Static Discharge      Conj/Air       ###.....     2%          3    None
f - Swiftness             Chrm/Air       ###.....     2%          2    None
g - Venom Bolt            Conj/Pois      ####......   8%          5    #####..

Your spell library contained the following spells:

 Spells                   Type           Power        Failure   Level  Hunger
 Flame Tongue             Conj/Fire      ###..        1%          1    None
 Shock                    Conj/Air       ###.         1%          1    None
 Throw Flame              Conj/Fire      ###...       2%          2    None
 Confusing Touch          Hex            #.....       4%          1    None
 Sandblast                Erth           #.....       4%          1    None
 Conjure Flame            Conj/Fire      ###.....     5%          3    None
 Stone Arrow              Conj/Erth      ###...       5%          3    None
 Passwall                 Tmut/Erth      #.......     7%          2    None
 Airstrike                Air            ###.......   8%          4    ###....
 Confuse                  Hex            #.......     13%         3    None
 Gell's Gravitas          Tloc           #.........   13%         3    None
 Inner Flame              Hex/Fire       #.......     13%         3    None
 Sticky Flame             Conj/Fire      ###.....     17%         4    ###....
 Lightning Bolt           Conj/Air       ###.......   21%         5    #####..
 Petrify                  Tmut/Erth      #.......     38%         4    ###....
 Fireball                 Conj/Fire      ###.......   43%         5    #####..
 Lee's Rapid Deconstruct  Erth           #.........   73%         5    #####..
 Metabolic Englaciation   Hex/Ice        #.........   73%         5    #####..
 Yara's Violent Unravell  Hex/Tmut       #.........   73%         5    #####..


Dungeon Overview and Level Annotations

Branches:
Dungeon (11/15)            Temple (1/1) D:6            Lair (5/6) D:11
 Shoals (0/4) Lair:4       Spider (0/4) Lair:4          Orc (0/2) D:9
  Slime: Lair:5-6

Altars:
Ashenzari
Cheibriados
Dithmenos
Elyvilon
Fedhas
Gozag
Hepliaklqana
Kikubaaqudgha
Makhleb
Nemelex Xobeh
Okawaru
Qazlal
Ru
Sif Muna
Trog
Uskayaw
Vehumet
Wu Jian
Xom
Yredelemnul
Zin
The Shining One
Jiyva

Annotations:
Lair:1 3 runed translucent doors, jpaulson's ghost, journeyman GrBe
Lair:2 exclusion: 2 oklob plants
Lair:5 Kirke


Innate Abilities, Weirdness & Mutations

You have razor-sharp toenails.
You have an unnaturally thin skeletal structure. (Dex +6, Stealth++)
A weak demonic guardian rushes to your aid.
You are partially covered in sharp spines.


Message History

Okay, then.
You feel yourself speed up.
You carefully extract the barbed spikes from your body.
The manticore bites you.
* * * LOW HITPOINT WARNING * * *
The manticore claws you but does no damage.
The manticore misses you.
Your hellwing barely misses the manticore.
Your hellwing hits the manticore.
Your iron imp hits the ten-headed hydra!
Something barely misses you.
The ten-headed hydra bites your iron imp.
The ten-headed hydra bites your iron imp but does no damage.
The ten-headed hydra bites your iron imp.
The ten-headed hydra bites your iron imp but does no damage. x2
The ten-headed hydra completely misses your iron imp.
The ten-headed hydra bites your iron imp!
Your iron imp dies!
The ten-headed hydra bites you!
You die...

########P.....#..# .
#...P##.....+....##
#......#P...##P<..# ...P#
......###....#P..###....
####.## #.........##...# #
### ##...#.#..##....#
########....###..###...##
..#.#P.......##D...#....#
................@......P##
..............5.H........#
................4.......##
.##..PP.................#
####..#.................#
......#......#.....P...##
#......P...#.##..P..P..P#
.#.........P..P.....P..##
......##...........#...##


You could see a ten-headed hydra, a manticore, a friendly hellwing and a
friendly iron imp.

Vanquished Creatures
  Fannar (Lair:2)
  3 hydras
  3 two-headed ogres
  An ugly thing (D:10)
  A manticore (D:11)
  6 elephants
  5 black mambas
  5 spiny frogs
  A komodo dragon (Lair:3)
  3 rime drakes
  A troll (D:9)
  2 polar bears
  A hornet (D:11)
  5 blink frogs
  10 dream sheep
  A snapping turtle (Lair:4)
  2 hippogriffs
  A spriggan (D:8)
  26 yaks
  A wyvern (Lair:2)
  2 basilisks
  5 hogs (Lair:5)
  Eustachio (D:6)
  2 hungry ghosts (D:11)
  Grum (D:9)
  14 water moccasins
  7 porcupines
  5 orc warriors
  3 black bears
  2 sky beasts (D:10)
  5 ice beasts
  2 centaurs
  5 ogres
  3 necrophages (D:9)
  19 wolves
  6 crocodiles
  2 big kobolds
  18 bullfrogs
  A gnoll sergeant (D:5)
  7 scorpions
  A wight (D:9)
  8 killer bees
  3 howler monkeys
  A troll skeleton (D:9)
  2 electric eels
  6 crimson imps
  4 bullfrog zombies
  2 centaur zombies
  A jelly (D:11)
  5 orc priests
  4 hounds
  A bullfrog skeleton (D:10)
  3 centaur skeletons
  3 human zombies (D:9)
  10 orc wizards
  A human skeleton (D:9)
  Jessica (D:3)
  5 iguanas
  Ijyb (D:3)
  9 worker ants
  2 mummies (D:9)
  14 gnolls
  17 adders
  2 shadow imps
  An ooze (D:3)
  An adder zombie (D:6)
  2 adder skeletons (D:8)
  3 worms
  4 dart slugs
  3 leopard geckos
  48 orcs
  A bat skeleton (D:3)
  5 bat zombies (D:3)
  5 giant cockroaches
  10 goblins
  8 hobgoblins
  3 jackals (D:3)
  18 kobolds
  A quokka (D:11)
  3 ball pythons
  6 bats
  3 frilled lizards
  An orc zombie (D:9)
  11 rats
  2 fungi (Lair:3)
434 creatures vanquished.

Vanquished Creatures (collateral kills)
  2 hydras (Lair:4)
  A catoblepas (Lair:3)
  A centaur zombie (D:11)
  2 black mambas (Lair:3)
  A spiny frog (Lair:4)
  A blink frog (Lair:5)
  2 dream sheep (Lair:5)
  A hippogriff (D:11)
  2 yaks
  A hog (Lair:5)
  A water moccasin (Lair:1)
  An ogre (D:6)
  2 wolves
  A centaur (D:6)
  A bullfrog (D:5)
  2 scorpions
  A killer bee (D:8)
  2 vampire bats (D:3)
  An orc priest (D:7)
  2 orc wizards (D:6)
  A worm (Lair:4)
  5 orcs
  A giant cockroach (D:4)
  A quokka (D:2)
  A rat (D:3)
37 creatures vanquished.

Vanquished Creatures (others)
  12 fungi
  2 plants
14 creatures vanquished.

Grand Total: 485 creatures vanquished

Notes
Turn   | Place    | Note
-------+----------+-------------------------------------------
     0 | D:1      | Bronimir the Demonspawn Venom Mage began the quest for the
                  | Orb.
     0 | D:1      | Reached XP level 1. HP: 13/13 MP: 3/3
   507 | D:1      | Gained mutation: A weak demonic guardian rushes to your
                  | aid. [demonic ancestry]
   507 | D:1      | Reached XP level 2. HP: 13/19 MP: 1/5
   511 | D:1      | Learned a level 2 spell: Poisonous Vapours
  1083 | D:2      | Found a glowing golden altar of the Shining One.
  1177 | D:2      | Reached XP level 3. HP: 14/24 MP: 0/6
  1685 | D:2      | Gained mutation: You have a somewhat thin skeletal
                  | structure. (Dex +2, Stealth) [demonic ancestry]
  1685 | D:2      | Reached XP level 4. HP: 20/30 MP: 2/8
  2268 | D:2      | Learned a level 3 spell: Mephitic Cloud
  3354 | D:3      | Reached skill level 1 in Fighting
  3354 | D:3      | Gained mutation: You have sharp toenails. [demonic
                  | ancestry]
  3354 | D:3      | Reached XP level 5. HP: 37/37 MP: 0/9
  3648 | D:3      | Found a faded altar of an unknown god.
  4003 | D:3      | Found an ancient bone altar of Kikubaaqudgha.
  4038 | D:3      | Reached XP level 6. HP: 37/43 MP: 11/11
  4324 | D:3      | Noticed Jessica
  4326 | D:3      | Killed Jessica
  4380 | D:3      | Noticed Ijyb
  4395 | D:3      | Killed Ijyb
  4902 | D:4      | Reached skill level 1 in Armour
  4959 | D:4      | Reached skill level 1 in Polearms
  5149 | D:4      | Found a shattered altar of Ashenzari.
  5177 | D:4      | Gained mutation: You have a moderately thin skeletal
                  | structure. (Dex +4, Stealth+) [demonic ancestry]
  5177 | D:4      | Reached XP level 7. HP: 43/48 MP: 5/13
  5689 | D:5      | Entered Level 5 of the Dungeon
  6360 | D:5      | Reached skill level 2 in Polearms
  6628 | D:5      | Learned a level 4 spell: Olgreb's Toxic Radiance
  6863 | D:6      | Found a shimmering blue altar of Sif Muna.
  6882 | D:6      | Reached skill level 3 in Polearms
  6882 | D:6      | Gained mutation: You are partially covered in sharp spines.
                  | [demonic ancestry]
  6882 | D:6      | Reached XP level 8. HP: 45/56 MP: 7/14
  7183 | D:6      | Found a staircase to the Ecumenical Temple.
  7196 | Temple   | Entered the Ecumenical Temple
  7291 | Temple   | Became a worshipper of Makhleb the Destroyer
  7319 | D:6      | Reached skill level 5 in Poison Magic
  7322 | D:6      | Reached skill level 4 in Polearms
  7813 | D:6      | Noticed Eustachio
  7828 | D:6      | Killed Eustachio
  7828 | D:6      | Reached skill level 1 in Invocations
  8040 | D:6      | Noticed a moth of wrath
  8043 | D:6      | Found a bloodstained altar of Trog.
  8134 | D:6      | Found a hazy altar of Hepliaklqana.
  8478 | D:7      | Reached skill level 5 in Polearms
  8572 | D:7      | Learned a level 3 spell: Static Discharge
  8575 | D:7      | Learned a level 2 spell: Swiftness
  8672 | D:7      | Reached skill level 5 in Spellcasting
  8675 | D:7      | Found a radiant altar of Vehumet.
  8702 | D:7      | Reached XP level 9. HP: 62/62 MP: 16/16
  8742 | D:7      | Found a sparkling altar of Nemelex Xobeh.
  8749 | D:7      | Reached * piety under Makhleb
  8760 | D:7      | Reached skill level 1 in Air Magic
  9422 | D:8      | Found an opulent altar of Gozag.
  9511 | D:8      | Noticed a two-headed ogre
  9533 | D:8      | Killed a two-headed ogre
  9533 | D:8      | Reached skill level 6 in Polearms
  9682 | D:8      | Reached ** piety under Makhleb
  9943 | D:8      | Found a blossoming altar of Fedhas.
  9998 | D:8      | Reached skill level 7 in Polearms
 10175 | D:9      | Gained mutation: You have an unnaturally thin skeletal
                  | structure. (Dex +6, Stealth++) [demonic ancestry]
 10175 | D:9      | Reached XP level 10. HP: 69/69 MP: 13/18
 10189 | D:9      | Found an iron altar of Okawaru.
 10483 | D:9      | Found a shimmering altar of Xom.
 10711 | D:9      | Noticed Grum
 10721 | D:9      | Killed Grum
 10898 | D:9      | Found a basalt altar of Yredelemnul.
 10915 | D:9      | Reached skill level 5 in Invocations
 10939 | D:9      | Reached *** piety under Makhleb
 11201 | D:9      | Found a staircase to the Orcish Mines.
 11235 | D:9      | Found a glowing silver altar of Zin.
 11264 | D:10     | Entered Level 10 of the Dungeon
 11307 | D:10     | Got a slimy long sword
 11525 | D:10     | Noticed a purple ugly thing
 11537 | D:10     | Killed a purple ugly thing
 11629 | D:10     | Noticed a two-headed ogre
 11638 | D:10     | Killed a two-headed ogre
 11638 | D:10     | Reached skill level 5 in Armour
 11875 | D:10     | Reached skill level 8 in Polearms
 11908 | D:10     | Found a shattered altar of Ashenzari.
 12385 | D:11     | Reached **** piety under Makhleb
 12437 | D:11     | Gained mutation: You have razor-sharp toenails. [demonic
                  | ancestry]
 12437 | D:11     | Reached XP level 11. HP: 77/77 MP: 20/20
 12538 | D:11     | Noticed a two-headed ogre
 12556 | D:11     | Killed a two-headed ogre
 12892 | D:11     | Learned a level 5 spell: Venom Bolt
 13020 | D:11     | Found a staircase to the Lair.
 13187 | Lair:1   | Entered Level 1 of the Lair of Beasts
 13281 | Lair:1   | Reached skill level 9 in Polearms
 13567 | Lair:1   | Reached skill level 5 in Fighting
 13587 | Lair:1   | Reached ***** piety under Makhleb
 13793 | Lair:1   | Found a runed translucent gate.
 13793 | Lair:1   | Found a runed translucent gate.
 13894 | Lair:1   | Found a runed translucent gate.
 13912 | Lair:1   | Noticed jpaulson's ghost (journeyman GrBe)
 13916 | Lair:1   | Found a viscous altar of Jiyva.
 13992 | Lair:1   | Reached XP level 12. HP: 86/86 MP: 23/23
 14769 | Lair:2   | Noticed Fannar
 14847 | Lair:2   | Killed Fannar
 15618 | Lair:3   | Reached skill level 10 in Polearms
 15958 | Lair:3   | Noticed a catoblepas
 16304 | Lair:3   | Killed a catoblepas
 16715 | Lair:3   | Noticed a six-headed hydra
 16768 | Lair:2   | HP: 4/86 [poisoned by a black mamba]
 16774 | Lair:2   | HP: 2/86 [poisoned by a black mamba]
 16781 | Lair:2   | HP: 2/86 [poisoned by a black mamba]
 16789 | Lair:2   | HP: 2/86 [poisoned by a black mamba]
 17551 | Lair:3   | Killed a six-headed hydra
 17883 | Lair:3   | Got a translucent great sword
 17893 | Lair:3   | Reached skill level 1 in Bows
 17910 | Lair:3   | Found the +8 whip "Snakebite" {curare, rPois}
 18065 | Lair:4   | Found the +10 large shield of Ignorance {rN+ Int-4}
 18068 | Lair:4   | Noticed a six-headed hydra
 18090 | Lair:4   | Killed a six-headed hydra
 18318 | Lair:4   | Found a hole to the Spider Nest.
 18318 | Lair:4   | Noticed a four-headed hydra
 18336 | Lair:4   | Killed a four-headed hydra
 18336 | Lair:4   | Reached XP level 13. HP: 70/93 MP: 5/25
 18801 | Lair:4   | Identified the cursed +3 great sword of World Downfall
                  | {freeze, MR+} (You found it on level 3 of the Lair of
                  | Beasts)
 18837 | Lair:4   | Found a staircase to the Shoals.
 19426 | Lair:4   | Reached skill level 1 in Shields
 19428 | Lair:4   | Reached skill level 1 in Evocations
 19689 | Lair:5   | Reached skill level 1 in Long Blades
 19849 | Lair:5   | Noticed Kirke
 19891 | Lair:5   | Slain by a ten-headed hydra

Levels and vault maps discovered:
D:1:      dpeg_arrival_pits, layout_basic
D:2:      minmay_angry_zag, layout_basic, tso_altar, hangedman_feature_mirror
D:3:      layout_loops_ring, kennysheep_vampire_church, first_ration,
          chequers_ecumenical_altar_lobes, kennysheep_generic_room_12,
          uniq_jessica, uniq_ijyb
D:4:      layout_loops_ring, nicolae_overflow_crystal_walls
D:5:      layout_basic, st_stairs_14
D:6:      layout_basic, old_standard_altar, marbit_many_paths, tgw_trog,
          minmay_temple_entry_tees, minmay_misc_feat_nine_boxes,
          chequers_serial_rivers_room_a, uniq_eustachio
D:7:      layout_loops_cross, nemelex_xobeh_ov_fountains_minmay,
          fiery_altar_vehumet
D:8:      layout_rooms, kennysheep_little_box, the_bakery,
          kennysheep_cross_room, fedhas_altar_4
D:9:      layout_loops_corners, lemuel_mausoleum_altar_yredelemnul,
          okawaru_ov_weapons_minmay, tgw_xom, kennysheep_mini_moat, uniq_grum
D:10:     layout_layer_cave, grunt_decor_cap, ashenzari_altar_1
D:11:     layout_rooms, grunt_lair_entry_orc_guard_hut
Temple:   dpeg_three_leaves_temple
Lair:1:   layout_regular_city, gammafunk_ghost_ooze
Lair:2:   layout_layer_cave, minmay_lair_oklob_chamber, uniq_fannar
Lair:3:   minmay_guarded_unrand_snakebite, layout_loops_ring
Lair:4:   layout_misc_corridors, minmay_shoals_entry_hut,
          nicolae_spider_entry_non_spiders, infiniplex_staircase_pool,
          grunt_megastairs_5
Lair:5:   layout_regular_city, minmay_slime_entry_pillars, uniq_kirke

Skill      XL: |  1  2  3  4  5  6  7  8  9 10 11 12 13 |
---------------+----------------------------------------+-----
Dodging        | 2 3 4 |  4.3
Stealth        | 2 |  2.2
Spellcasting   | 3 4 5 6 7 8 |  8.7
Fighting       | 1 2 4 5 6 |  6.7
Conjurations   | 2 3 4 |  4.5
Poison Magic   | 4 5 6 8 9 |  9.1
Armour         | 1 2 3 4 5 6 7 |  7.2
Polearms       | 1 3 5 7 8 9 10 | 10.8
Invocations    | 2 4 6 8 9 |  9.7
Air Magic      | 2 3 4 |  4.4
Bows           | 1 2 |  2.0
Shields        | 2 |  2.4
Evocations     | 1 |  1.8
Long Blades    | 1 |  1.6
Axes           | |  0.7

Action                   |  1- 3 |  4- 6 |  7- 9 | 10-12 | 13-15 || total
-------------------------+-------+-------+-------+-------+-------++-------
Melee: Hand axe          |    53 |    33 |       |       |       ||    86
       Club              |     5 |       |       |       |       ||     5
       Short sword       |     4 |       |       |       |       ||     4
       Spear             |       |   132 |   302 |       |       ||   434
       Halberd           |       |       |   167 |   464 |     3 ||   634
       Trident           |       |       |       |    35 |    17 ||    52
       Great sword       |       |       |       |       |    64 ||    64
 Fire: Shortbow          |       |       |     9 |    23 |       ||    32
Throw: Stone             |       |       |       |       |     2 ||     2
 Cast: Sting             |    25 |    25 |     6 |    21 |       ||    77
       Poisonous Vapours |     9 |    29 |    17 |    22 |       ||    77
       Mephitic Cloud    |       |     7 |     9 |    15 |     1 ||    32
       Olgreb's Toxic Ra |       |       |     9 |    34 |     8 ||    51
       Static Discharge  |       |       |     1 |     2 |       ||     3
       Swiftness         |       |       |       |     1 |     1 ||     2
Invok: Lesser Servant of |       |       |       |     3 |     3 ||     6
Evoke: Wand              |       |       |     1 |     2 |       ||     3
  Use: Scroll            |       |       |       |    25 |       ||    25
       Potion            |       |       |       |     2 |     5 ||     7
 Stab: Sleeping          |     2 |     6 |     9 |    26 |     1 ||    44
       Confused          |       |     2 |    11 |     9 |     1 ||    23
       Distracted        |       |     1 |     1 |     3 |       ||     5
       Paralysed         |       |       |     4 |     2 |       ||     6
  Eat: Chunk             |     3 |    14 |    19 |    26 |     3 ||    65
       Ration            |       |       |       |     2 |     1 ||     3
Armor: Robe              |    18 |     6 |       |       |       ||    24
       Leather armour    |       |    41 |    85 |   161 |    59 ||   346
Dodge: Dodged            |    51 |   206 |   266 |   457 |   174 ||  1154
       Rpst.: Great sword |       |       |       |       |    37 ||    37
